 Dungeon Crawl Stone Soup version 0.29-a0-321-gf1c400731a (webtiles) character file.

Game seed: 3503957679460222076

4 spaghetti the Sneak (level 1, 0/20 HPs)
             Began as an Ogre Wanderer on Apr 3, 2022.
             Slain by a hobgoblin (3 damage)
             ... on level 1 of the Dungeon.
             The game lasted 00:00:36 (414 turns).

spaghetti the Sneak (Ogre Wanderer)                  Turns: 414, Time: 00:00:36

Health: 0/20       AC:  4    Str: 14    XL:     1   Next: 60%
Magic:  1/1        EV: 10    Int: 11    God:
Gold:   19         SH:  0    Dex: 11    Spells: 0/0 levels left

rFire   . . .      SeeInvis .   a - +0 club {mace}
rCold   . . .      Faith    .   (no shield)
rNeg    . . .      Spirit   .   e - +0 robe
rPois   .          Reflect  .   (helmet restricted)
rElec   .          Harm     .   d - +0 cloak
rCorr   .          Rampage  .   (gloves unavailable)
Will    .....                   (boots unavailable)
Stlth   ++........              (no amulet)
HPRegen 0.06/turn               (no ring)
MPRegen 0.07/turn               (no ring)

@: no status effects
A: large, unfitting armour, tough skin 1
a: no special abilities


You were on level 1 of the Dungeon.
You visited 1 branch of the dungeon, and saw 1 of its levels.

You collected 19 gold pieces.


Innate Abilities, Weirdness & Mutations

You are too large for most types of armour.
You have tough skin. (AC +1)


   Skills:
 + Level 1.8 Fighting
 - Level 2.1 Dodging
 - Level 2.1 Stealth
 + Level 2.0 Unarmed Combat
 - Level 1.0 Evocations


You couldn't memorise any spells.
You didn't know any spells.
Your spell library was empty.

Inventory:

Hand Weapons
 a - a +0 club (weapon) {mace}
Armour
 d - a +0 cloak (worn)
 e - a +0 robe (worn)
Scrolls
 c - a scroll of fog
 f - a scroll of blinking {!r}
Potions
 b - 2 potions of might

Dungeon Overview and Level Annotations

Branches:
Dungeon (1/15)

Altars:

##.....## ####.# #..##.#
##.....## #....## #..#).#
##.......## ###.....#
##.....####.........###.......#
..........+.........+.........#
##.#...####.....b...###.......#
#.##..# #.......# ###...###
#.....# #...g.# #...# ####.##
#..@# ##.## #.# ##'## #.# #.#
#.# #.# #.# ####.# #.#
#.######.##.## #.#
#.......#....## #.#
########......########.#
###.#.............#
##......############


You could see a hobgoblin and a bat.


Message History

You take 1 damage, and now have 10/19 hp.
You closely miss the goblin.
The goblin hits you but does no damage. 😮 HP[+1]
You barely miss the goblin.
The goblin hits you but does no damage. x2
You completely miss the goblin.
The goblin hits you with a +0 dagger. 😮 HP[-1]
You take 1 damage, and now have 10/19 hp.
You hit the goblin.
You kill the goblin!
You now have 20 max hp (+1).
You see here a +0 dagger {short}.
You start resting. 😎 HP[+10]
Your hp is fully restored (20).
Key pressed, stopping explore.
Key pressed, stopping explore.
You open the door.
A quokka comes into view.
There is an open door here.
A hobgoblin comes into view.
The quokka bites you. 😕 HP[-1]
You take 1 damage, and now have 19/20 hp.
You hit the quokka but do no damage. The quokka barely misses you.
You hit the quokka.
The quokka twitches its whiskers.
The quokka closely misses you. The quokka bites you. 😕 HP[-3]
You take 3 damage, and now have 16/20 hp.
You are too injured to fight recklessly!
You are too injured to fight recklessly!
You are too injured to fight recklessly!
You are too injured to fight recklessly!
You are too injured to fight recklessly!
You are too injured to fight recklessly!
You are too injured to fight recklessly!
You are too injured to fight recklessly!
You are too injured to fight recklessly!
You are too injured to fight recklessly!
You are too injured to fight recklessly!
You are too injured to fight recklessly!
You are too injured to fight recklessly!
You are too injured to fight recklessly!
You are too injured to fight recklessly!
You are too injured to fight recklessly!
You hit the quokka. The quokka barely misses you.
The quokka bites you. 😮 HP[-3]
You take 3 damage, and now have 13/20 hp.
You closely miss the quokka.
The hobgoblin shouts!
A bat comes into view.
The quokka bites you. 😮 HP[-2]
You take 2 damage, and now have 11/20 hp.
You barely miss the quokka. The quokka bites you.
* * * LOW HITPOINT WARNING * * *
The quokka bites you but does no damage. 😨 HP[-4]
You take 4 damage, and now have 7/20 hp.
You completely miss the quokka. The bat hits you but does no damage.
The quokka closely misses you.
You hit the quokka. The bat hits you but does no damage. The quokka bites you.
* * * LOW HITPOINT WARNING * * *
The quokka bites you.
* * * LOW HITPOINT WARNING * * *
😱 HP[-5]
You take 5 damage, and now have 2/20 hp.
MASSIVE DAMAGE!! (PAUSE) It was a potion of curing.
You feel better. The bat misses you. The quokka bites you.
* * * LOW HITPOINT WARNING * * *
😱 HP[+3]
You regained 3 hp, and now have 5/20 hp.
Unknown command.
You hit the quokka.
You kill the quokka!
The bat barely misses you.
The hobgoblin hits you but does no damage.
The hobgoblin hits you.
* * * LOW HITPOINT WARNING * * *
Your Unarmed Combat skill increases to level 2! 😱 HP[-1]
You take 1 damage, and now have 4/20 hp.
You closely miss the hobgoblin. The bat completely misses you.
The hobgoblin hits you but does no damage.
You hit the hobgoblin. The bat barely misses you.
The hobgoblin barely misses you.
You completely miss the hobgoblin. The bat hits you but does no damage.
The hobgoblin closely misses you. 😱 HP[+1]
You barely miss the hobgoblin. The bat closely misses you.
The hobgoblin misses you. The hobgoblin hits you.
* * * LOW HITPOINT WARNING * * *
😱 HP[-2]
You take 2 damage, and now have 3/20 hp.
You hit the hobgoblin but do no damage. The bat hits you but does no damage.
The hobgoblin completely misses you.
You closely miss the hobgoblin. The bat hits you but does no damage.
The hobgoblin hits you.
You die...

Skill      XL: |  1 |
---------------+----+-----
Unarmed Combat | 2 |  2.0
Fighting       | |  1.8
Dodging        | |  2.1
Stealth        | |  2.1
Evocations     | |  1.0

Action                   || total
-------------------------++-------
Melee: Club              ||    46
  Use: Potion            ||     1
Armor: Robe              ||    26
Dodge: Dodged            ||    23

Levels and vault maps discovered:
D:1:      minmay_arrival_four_loops, layout_loops_corners,
          hellmonk_ecumenical_altar_slurped_away

Notes
Turn   | Place    | Note
-------+----------+-------------------------------------------
     0 | D:1      | spaghetti the Ogre Wanderer began the quest for the Orb.
     0 | D:1      | spaghetti set off with the following items: a +0 club
                  | {mace}, 2 potions of might, a scroll of fog, a +0 cloak, a
                  | +0 robe, a scroll of blinking {!r}
     0 | D:1      | Reached XP level 1. HP: 19/19 MP: 1/1
     0 | D:1      | magus.rc [v1.9.6]
   406 | D:1      | HP: 2/20 [quokka (4)]
   409 | D:1      | Reached skill level 2 in Unarmed Combat
   412 | D:1      | HP: 3/20 [hobgoblin (2)]
   414 | D:1      | Slain by a hobgoblin

Vanquished Creatures
  A goblin (D:1)
  A quokka (D:1)
  A frilled lizard (D:1)
  A rat (D:1)
4 creatures vanquished.

Table legend:
 A = Non-vault XP
 B = Vault XP
 C = Vault XP percentage of total XP
 D = Non-vault monster count
 E = Vault monster count
 F = Vault count percentage of total count
                 A         B        C        D         E       F
            +---------+---------+-------+---------+---------+-------
      Total |       6 |       0 |   0.0 |       4 |       0 |   0.0
            +---------+---------+-------+---------+---------+-------
        D:1 |       6 |       0 |   0.0 |       4 |       0 |   0.0
            +---------+---------+-------+---------+---------+-------

Illustrated notes

Table legend:
 A = Kills in this place as a percentage of kills in entire the game.
 B = Kills by you in this place as a percentage of kills by you in the entire game.
 C = Kills by friends in this place as a percentage of kills by friends in the entire game.
 D = Other kills in this place as a percentage of other kills in the entire game.
 E = Experience gained in this place as a percentage of experience gained in the entire game.
 F = Experience gained in this place divided by the number of levels of this place that you have seen.
                   A       B       C       D       E      F
               +-------+-------+-------+-------+-------+----------------------
         Total | 100.0 | 100.0 |   N/A |   N/A | 100.0 |   6.0
       Dungeon | 100.0 | 100.0 |   N/A |   N/A | 100.0 |   6.0
               +-------+-------+-------+-------+-------+----------------------

Table legend: (Time is in decaauts)
 A = Elapsed time spent in this place.
 B = Non-inter-level travel time spent in this place.
 C = Inter-level travel time spent in this place.
 D = Time resting spent in this place.
 E = Time spent auto-exploring this place.
 F = Levels seen in this place.
 G = Mean time per level.
                   A        B        C        D        E       F      G
               +--------+--------+--------+--------+--------+-----+--------+
         Total |    427 |    427 |      0 |    211 |    141 |   1 |  427.0 |
       Dungeon |    427 |    427 |      0 |    211 |    141 |   1 |  427.0 |
               +--------+--------+--------+--------+--------+-----+--------+

Top non-repeatable levels by time:
     D:1: 427 daAuts
